Construct Section Command Post
Selects Air and Sea Battlegroup
Construct Platoon Command Post
Construct Field Infirmary
Selects Commando Section Paradrop
6-pounder Anti-tank Gun Team
Construct Field Infirmary
Construct Company Command Post
Selects Commando Support Section Paradrop
Selects Anti-tank Rocket Loiter
Unlock Bishop Self-propelled Artillery
Selects Centaur Medium Tank
Bishop Self-propelled Artillery
Bishop Self-propelled Artillery
Selects Naval Bombardment